 Dungeon Crawl Stone Soup version bcrawl-1.21.3 (webtiles) character file.

Game seed: 7066007237745582500

37 Flugslaktarn the Sneak (level 3, 5/23 HPs)
             Began as a Skeleton Archaeologist on Mar 29, 2020.
             Quit the game on level 2 of the Dungeon.
             The game lasted 00:01:00 (1146 turns).

Flugslaktarn the Sneak (Skeleton Archaeologist)     Turns: 1146, Time: 00:01:01

Health: 5/23       AC:  7    Str: 17 (18) XL:     3   Next: 21%
Magic:  2/3        EV: 12    Int: 11 (12) God:
Gold:   82         SH:  0    Dex:  6 (7)  Spells: 2/2 levels left

rFire    . . .     SeeInvis .   h - -3 dagger (curse)
rCold    + . .     Gourm    .   (no shield)
rNeg     + + +     Faith    .   b - +1 robe
rPois    ∞         Spirit   +   c - +1 hat
rElec    .         Reflect  .   (no cloak)
rCorr    .         Harm     .   (no gloves)
MR       .....                  d - +2 pair of boots
Stlth    ++........             e - amulet of regeneration
HPRegen  0.47/turn              (no ring)
MPRegen  0.08/turn              (no ring)

@: no status effects
A: no food or potions, cold resistance 1, deterioration 1, negative energy
resistance 3, torment resistance, unbreathing, magic shield, sturdy frame 1,
spell healing
a: no special abilities


You were on level 2 of the Dungeon.
You were not hungry.

You visited 1 branch of the dungeon, and saw 2 of its levels.

You collected 82 gold pieces.

Inventory:

Hand Weapons
 a - a +0 whip
 h - a cursed -3 dagger (weapon)
   (You found it on level 1 of the Dungeon)
Armour
 b - a +1 robe (worn)
 c - a +1 hat (worn)
 d - a +2 pair of boots (worn)
Jewellery
 e - an amulet of regeneration (around neck)
   (You found it on level 1 of the Dungeon)
Scrolls
 g - a scroll of fog
 i - a scroll of magic mapping
 k - a scroll of fear
Miscellaneous
 f - a dusty tome


   Skills:
 + Level 3.2 Fighting
 - Level 1.2 Maces & Flails
 - Level 3.0 Dodging
 - Level 3.6 Stealth


You had 2 spell levels left.
You didn't know any spells.
Your spell library was empty.

Dungeon Overview and Level Annotations

Branches:
Dungeon (2/12)

Altars:


Innate Abilities, Weirdness & Mutations

You do not eat or drink.
You are immune to poison.
Your flesh is cold resistant. (rC+)
Your body sometimes deteriorates upon taking damage.
You are immune to negative energy. (rN+++)
You are immune to unholy pain and torment.
You can survive without breathing.
When hurt, damage is shared between your health and your magic reserves.
Your movements are slightly less encumbered by armour. (ER -2)
Casting spells heals you.


Message History

You are too injured to fight recklessly!
You are too injured to fight recklessly!
You are too injured to fight recklessly!
You are too injured to fight recklessly!
You are too injured to fight recklessly!
You are too injured to fight recklessly!
You are too injured to fight recklessly!
You are too injured to fight recklessly!
You are too injured to fight recklessly!
You are too injured to fight recklessly!
You are too injured to fight recklessly!
You are too injured to fight recklessly!
You are too injured to fight recklessly!
You are too injured to fight recklessly!
You are too injured to fight recklessly!
You are too injured to fight recklessly!
You are too injured to fight recklessly!
You are too injured to fight recklessly!
Unknown command.
Are you sure you want to abandon this character and quit the game? (Confirm with "yes".)

#..#....###.
#.....#.......#
##.#....#####.# #.#.#.##
#%#.#.# #.#.#.# ####
#.#.#.. ..# ###
#.#.######.##.....
#.#.#..@brw.....#
####.#.#.####.>......
#....#.#..>......!.##
#.####.#.###.........
####.####.............##
#........##.#.#######.#
#.##.###.##.#.#### .# #
#.###.##....... #
#..<.#.....##


You could see a worm, a quokka and a bat.

Vanquished Creatures
  An ooze (D:1)
  2 dart slugs
  2 leopard geckos (D:1)
  2 giant cockroaches
  2 goblins (D:1)
  7 hobgoblins (D:1)
  5 bats (D:1)
  A kobold (D:2)
  3 rats (D:1)
25 creatures vanquished.

Notes
Turn   | Place    | Note
-------+----------+-------------------------------------------
     0 | D:1      | Flugslaktarn the Skeleton Archaeologist began the quest for
                  | the Orb.
     0 | D:1      | Reached XP level 1. HP: 12/12 MP: 1/1
   168 | D:1      | Reached XP level 2. HP: 12/17 MP: 2/2
   788 | D:1      | Reached XP level 3. HP: 23/23 MP: 1/3
  1146 | D:2      | Quit the game

Skill      XL: |  1  2 |
---------------+-------+-----
Fighting       | 2 3 |  3.2
Maces & Flails | |  1.2
Dodging        | |  3.0
Stealth        | |  3.6

Action                   || total
-------------------------++-------
Melee: Whip              ||    53
       Dagger            ||   177
  Use: Scroll            ||     3
 Stab: Sleeping          ||     8
Armor: Robe              ||   106
Dodge: Dodged            ||   165
